 Dungeon Crawl Stone Soup version 0.29-a0-297-g7659ce593d (webtiles) character file.

Game seed: 11475241554797975369

924 Dabor the Tainter (level 8, -2/62 HPs)
             Began as a Naga Venom Mage on Mar 22, 2022.
             Was a Believer of Qazlal.
             Shot with an arrow by a centaur (5 damage)
             ... on level 5 of the Dungeon.
             The game lasted 00:11:45 (6103 turns).

Dabor the Tainter (Naga Venom Mage)                 Turns: 6103, Time: 00:11:45

Health: -2/62      AC:  4    Str: 10    XL:     8   Next: 10%
Magic:  11/14      EV: 14    Int: 18    God:    Qazlal [**....]
Gold:   152        SH:  3    Dex: 12    Spells: 8/15 levels left

rFire   . . .      SeeInvis +   (no weapon)
rCold   . . .      Faith    .   (no shield)
rNeg    . . .      Spirit   .   a - +0 robe
rPois   +          Reflect  .   (no helmet)
rElec   .          Harm     .   e - +0 cloak
rCorr   .          Rampage  .   (no gloves)
Will    ++...                   (no barding)
Stlth   ++........              (no amulet)
HPRegen 0.20/turn               k - +4 ring of evasion
MPRegen 0.14/turn               l - ring of willpower

@: very slow
A: AC +2, large, see invisible, deformed body, poison resistance, slowness 2,
spit poison 1, naga tail 1
a: Spit Poison, Renounce Religion, Upheaval


You were on level 5 of the Dungeon.
You worshipped Qazlal.
Qazlal was pleased with you.
You visited 1 branch of the dungeon, and saw 5 of its levels.

You collected 152 gold pieces.

Inventory:

Armour
 a - a +0 robe (worn)
 e - a +0 cloak (worn)
Jewellery
 k - a +4 ring of evasion (left hand)
 l - a ring of willpower (right hand)
Wands
 g - a wand of paralysis (13)
 i - a wand of polymorph (9)
 p - a wand of charming (1)
 q - a wand of digging (5)
Scrolls
 c - a scroll of magic mapping
 d - 3 scrolls of identify
 h - 5 scrolls of amnesia {unknown}
 o - a scroll of teleportation {unknown}
 r - a scroll of fog {unknown}
 t - a scroll of noise {unknown}
Potions
 b - a potion of magic
 f - 2 potions of heal wounds {unknown}
 j - 2 potions of curing {unknown}
 m - a potion of lignification {unknown}
 n - a potion of mutation {unknown}


   Skills:
 - Level 2.0 Dodging
 - Level 4.0 Stealth
 + Level 4.3 Spellcasting
 + Level 4.2 Transmutations
 * Level 8.7 Poison Magic
 + Level 2.0 Invocations


You had 8 spell levels left.
You knew the following spells:

 Your Spells              Type           Power      Damage    Failure   Level
a - Sting                 Tmut/Pois      100%       1d8       1%          1
b - Poisonous Vapours     Pois/Air       38%        N/A       3%          2
c - Olgreb's Toxic Radia  Pois           35%        N/A       4%          4

Your spell library contained the following spells:

 Spells                   Type           Power      Damage    Failure   Level
 Mephitic Cloud           Conj/Pois/Air  14%        N/A       13%         3
 Call Canine Familiar     Summ           3%         N/A       41%         3
 Portal Projectile        Hex/Tloc       6%         N/A       41%         3
 Leda's Liquefaction      Hex/Erth       1%         N/A       82%         4


Dungeon Overview and Level Annotations

Branches:
Dungeon (5/15)             Temple (0/1) D:4

Altars:
Qazlal
Ru
Wu Jian
Yredelemnul

Shops:
D:3 =


Innate Abilities, Weirdness & Mutations

Your serpentine skin is tough. (AC +2)
You have supernaturally acute eyesight. (SInv)
Armour fits poorly on your strangely shaped body.
Your system is resistant to poisons. (rPois)
You cover ground very slowly.
You can spit poison.
You have a snake-like lower body.


Message History

Casting: Sting (safe; 1% risk of failure)
Confirm with . or Enter, or press ? or * to list all spells.
You begin to radiate toxic energy.
The centaur shouts!
The centaur is poisoned.
The centaur wields a +0 shortbow.
The centaur shoots an arrow.
The arrow hits you! The white imp gestures at you. The puff of frost hits you!
There are monsters nearby!
Aiming: Spit Poison (1% risk of failure)
Press: ? - help, Shift-Dir - straight line, f - white imp
Aim: a white imp (64% to hit)
The splash of poison hits the white imp.
The white imp is lightly wounded.
The centaur looks even sicker.
Your toxic aura wanes.
The centaur shoots an arrow.
The arrow misses you.
The centaur shoots an arrow.
The arrow hits you!
The white imp shouts, "Fly, thou dankish weather-bitten gudgeon!"
The white imp gestures at you. The puff of frost hits you.
The centaur shoots an arrow.
The arrow hits you!
The white imp lashes its tail.
The white imp gestures at you.
You hear a sizzling sound!
The centaur shoots an arrow.
The arrow barely misses you.
You have got your breath back.
The centaur shoots an arrow.
The arrow closely misses you.
The centaur shoots an arrow.
The arrow completely misses you. The white imp gestures at you.
The puff of frost hits you!
* * * LOW HITPOINT WARNING * * *
The centaur shoots an arrow.
The arrow hits you.
* * * LOW HITPOINT WARNING * * *
The centaur shoots an arrow.
The arrow hits you!
* * * LOW HITPOINT WARNING * * *
Okay, then.
As you read the scroll labelled FUAS IHEULO, it crumbles to dust.
You feel a surge of unholy energy.
The centaur convulses!
It was a scroll of torment.
The centaur shoots an arrow.
The arrow hits you.
You die...

.?..........#.....#
......c..........#
#.......#..##....#####
..........#..........
#........#.♣........
#..#.#............. #
##...._...#.#
##..°...##.##
#.....♣@.....#
..........§...<#
####...........#
##..##.....##
#...##...## #........#
##.#...### ##.## ..


You could see a centaur (poisoned).

Vanquished Creatures
  Grinder (D:3)
  Sigmund (D:2)
  Duvessa (D:4)
  Dowan (D:4)
  A jelly (D:5)
  4 hounds
  Ijyb (D:3)
  Natasha (thrice) (D:2)
  Robin (D:3)
  4 adders
  An ufetubus (D:5)
  3 worms
  3 dart slugs
  5 orcs
  7 ball pythons
  5 bats
  6 endoplasms
  2 giant cockroaches
  13 goblins
  9 hobgoblins
  5 jackals
  9 kobolds
  5 quokkas
  2 frilled lizards
  9 rats
102 creatures vanquished.

Notes
Turn   | Place    | Note
-------+----------+-------------------------------------------
     0 | D:1      | Dabor the Naga Venom Mage began the quest for the Orb.
     0 | D:1      | Reached XP level 1. HP: 15/15 MP: 3/3
     1 | D:1      | Noticed an electric eel
   211 | D:1      | Reached XP level 2. HP: 12/22 MP: 0/5
   734 | D:1      | Found a faded altar of an unknown god.
   812 | D:1      | Reached XP level 3. HP: 26/28 MP: 3/6
  1579 | D:1      | Prayed at the altar of an unknown god.
  1579 | D:1      | Became a worshipper of Qazlal Stormbringer
  1579 | D:1      | Reached * piety under Qazlal
  1591 | D:2      | Noticed Sigmund
  2234 | D:2      | Noticed Natasha
  2243 | D:2      | Killed Natasha
  2244 | D:2      | Reached XP level 4. HP: 34/36 MP: 1/7
  2250 | D:2      | Learned a level 2 spell: Poisonous Vapours
  2255 | D:2      | Learned a level 4 spell: Olgreb's Toxic Radiance
  2659 | D:2      | Reached skill level 5 in Poison Magic
  2740 | D:2      | Noticed Natasha
  2758 | D:2      | Killed Natasha
  2759 | D:2      | Reached XP level 5. HP: 42/42 MP: 1/9
  3082 | D:2      | Noticed Natasha
  3092 | D:2      | Killed Natasha
  3130 | D:2      | Killed Sigmund
  3131 | D:2      | Reached skill level 6 in Poison Magic
  3131 | D:2      | Reached XP level 6. HP: 33/49 MP: 0/11
  3493 | D:3      | You fall into a shaft and drop 1 floor!
  3705 | D:3      | Noticed Robin
  3775 | D:3      | Reached ** piety under Qazlal
  3809 | D:3      | Killed Robin
  4093 | D:3      | Noticed Grinder
  4128 | D:3      | Killed Grinder
  4129 | D:3      | Reached skill level 7 in Poison Magic
  4129 | D:3      | Reached XP level 7. HP: 40/55 MP: 0/12
  4358 | D:3      | Found Niete's Jewellery Emporium.
  4533 | D:3      | Noticed Ijyb
  4542 | D:3      | Killed Ijyb
  4660 | D:4      | Found a sacrificial altar of Ru.
  4844 | D:4      | Found a basalt altar of Yredelemnul.
  4882 | D:4      | Found a staircase to the Ecumenical Temple.
  4959 | D:4      | Reached skill level 8 in Poison Magic
  4959 | D:4      | Reached skill level 1 in Invocations
  5249 | D:4      | Noticed Duvessa
  5258 | D:4      | Killed Duvessa
  5260 | D:4      | Noticed Dowan
  5266 | D:5      | Entered Level 5 of the Dungeon
  5518 | D:4      | Killed Dowan
  5519 | D:4      | Reached XP level 8. HP: 27/62 MP: 3/14
  5964 | D:5      | Found an ornate altar of the Wu Jian Council.
  6102 | D:5      | HP: 3/62 [centaur/arrow (9)]
  6103 | D:5      | Shot with an arrow by a centaur

Illustrated notes

Levels and vault maps discovered:
D:1:      arrival_aquarium_a, layout_loops_corners,
          shapermc_ecumenical_altar_starsandcircs, roderic_serpentine_path
D:2:      layout_basic, uniq_natasha, uniq_sigmund
D:3:      layout_basic, serial_shops, nicolae_shop_behind_doors, uniq_ijyb,
          uniq_robin, uniq_grinder
D:4:      layout_basic, mainiacjoe_overflow_brackets, mainiacjoe_overflow_paths,
          minmay_temple_entry_junction_2, serial_corexii_hall,
          chequers_hall_statues_corner_a, chequers_hall_statues_corner_a,
          corexii_hall_statues_l, chequers_hall_statues_corner_a,
          corexii_hall_statues_i, corexii_hall_statues_i, uniq_duvessa
D:5:      layout_cave_pools, mainiacjoe_overflow_tiny_flanked,
          kennysheep_mini_moat, mainiacjoe_overflow_alcove_1, minivault_23

Skill      XL: |  1  2  3  4  5  6  7  8 |
---------------+-------------------------+-----
Dodging        | 2 |  2.0
Stealth        | 4 |  4.0
Transmutations | 2 3 4 |  4.2
Poison Magic   | 5 6 7 8 |  8.7
Spellcasting   | 3 4 |  4.3
Invocations    | 1 2 |  2.0

Action                   |  1- 3 |  4- 6 |  7- 9 || total
-------------------------+-------+-------+-------++-------
Melee: Unarmed           |     3 |    35 |     7 ||    45
 Cast: Sting             |    48 |    73 |    62 ||   183
       Olgreb's Toxic Ra |       |     6 |     3 ||     9
       Poisonous Vapours |       |     4 |     2 ||     6
 Abil: Spit Poison       |    19 |    14 |     7 ||    40
  Use: Scroll            |       |     1 |     1 ||     2
Armor: Robe              |    10 |    12 |     2 ||    24
Dodge: Dodged            |    23 |    32 |    35 ||    90
Block: Other             |       |     6 |     7 ||    13

Table legend: (Time is in decaauts)
 A = Elapsed time spent in this place.
 B = Non-inter-level travel time spent in this place.
 C = Inter-level travel time spent in this place.
 D = Time resting spent in this place.
 E = Time spent auto-exploring this place.
 F = Levels seen in this place.
 G = Mean time per level.
                   A        B        C        D        E       F      G
               +--------+--------+--------+--------+--------+-----+--------+
         Total |   7242 |   6669 |    573 |   1279 |   4555 |   5 | 1448.4 |
       Dungeon |   7242 |   6669 |    573 |   1279 |   4555 |   5 | 1448.4 |
               +--------+--------+--------+--------+--------+-----+--------+

Top non-repeatable levels by time:
     D:1: 2612 daAuts
     D:2: 1509 daAuts
     D:4: 1469 daAuts
     D:3: 1318 daAuts
     D:5: 332 daAuts
